Map: Vigília Leste LE

Players

IagoAbreu

  • Race: Zerg Zerg
  • League: Gold
  • Spawn Location: 1:00

ElBicho - Winner!

  • Race: Protoss Protoss
  • Spawn Location: 7:00

VOD

Have the link to the VOD?

Description

Time

  • Played on: March 12, 2018, 2:05 p.m.
  • Length: 12:01
Show
View Real Time Build Order
Export as new Build Order

IagoAbreu Zerg 

Build Orders: Pool First 

Get SALT Encoding   

  12  0:18  Spawning Pool  
  11  0:22  Drone  
  11  0:27  Drone  
  13  0:31  Drone  
  14  0:41  Overlord  
  14  1:06  Queen  
  14  1:07  Zergling x2  
  14  1:08  Zergling x4  
  19  1:23  Drone  
  20  1:26  Extractor  
  20  1:30  Extractor  
  18  1:51  Drone x2, Hatchery  
  18  1:52  Drone  
  20  2:04  Overlord  
  20  2:25  Lair  
  20  2:28  Drone  
  21  2:32  Drone  
  22  2:38  Drone  
  22  2:43  Drone  
  24  3:09  Roach Warren  
  23  3:14  Drone x4  
  27  3:25  Burrow  
  27  3:45  Overlord  
  27  3:46  Overlord  
  27  4:03  Queen  
  27  4:08  Spire  
  28  4:16  Roach  
  28  4:17  Roach  
  32  4:18  Roach  
  34  4:49  Zergling x4  
  36  4:55  Drone x2  
  36  4:56  Drone  
  39  5:24  Extractor  
  39  5:25  Drone, Extractor  
  39  5:26  Drone x3  
  41  5:30  Drone x3  
  41  5:32  Overlord  
  44  5:55  Drone x4  
  44  5:56  Drone  
  49  5:57  Drone  
  49  5:58  Hatchery  
  49  6:08  Overlord x2  
  49  6:09  Overlord  
  49  6:18  Zerg Flyer Weapons Level 1  
  47  7:01  Mutalisk x4, Roach x2  
  47  7:02  Mutalisk x2  
  47  7:03  Zergling x12  
  47  7:35  Roach x5  
  47  7:36  Roach  
  3  8:54  Mutalisk x5  
  1  11:04  Drone  
Show
View Real Time Build Order
Export as new Build Order

ElBicho Protoss - Winner!

Build Orders:  

Get SALT Encoding   

  12  0:01  Probe  
  13  0:13  Probe (Chrono Boost)  
  14  0:22  Pylon  
  14  0:25  Probe (Chrono Boost)  
  15  1:00  Gateway  
  15  1:01  Probe (Chrono Boost)  
  15  1:03  Assimilator  
  16  1:07  Pylon  
  17  1:12  Probe (Chrono Boost)  
  17  1:26  Probe  
  18  1:38  Probe  
  19  1:50  Probe, Cybernetics Core  
  19  1:53  Zealot  
  22  2:01  Pylon  
  22  2:06  Forge  
  22  2:12  Assimilator  
  22  2:24  Nexus  
  22  2:32  Gateway  
  22  2:35  Sentry  
  24  2:44  Warp Gate  
  24  2:58  Photon Cannon, Stalker (Chrono Boost)  
  26  3:08  Gateway  
  26  3:18  Probe (Chrono Boost)  
  27  3:20  Stalker  
  30  3:28  Stalker, Probe (Chrono Boost)  
  32  3:42  Probe (Chrono Boost)  
  33  3:53  Probe (Chrono Boost)  
  34  3:57  Probe (Chrono Boost)  
  34  3:58  Stalker  
  34  3:59  Adept  
  39  4:09  Probe (Chrono Boost)  
  41  4:18  Probe (Chrono Boost)  
  41  4:21  Adept  
  43  4:31  Probe  
  44  4:33  Pylon  
  44  4:37  Assimilator  
  44  4:43  Probe  
  45  4:48  Gateway, Probe  
  46  4:54  Stalker x2  
  46  4:55  Probe  
  46  4:59  Protoss Ground Weapons Level 1  
  51  5:02  Pylon  
  51  5:07  Probe  
  51  5:10  Forge  
  52  5:23  Probe (Chrono Boost)  
  53  5:28  Assimilator  
  53  5:32  Photon Cannon  
  53  5:33  Probe (Chrono Boost)  
  54  5:37  Stalker  
  54  5:38  Probe (Chrono Boost)  
  57  5:49  Probe  
  58  5:53  Twilight Council, Protoss Ground Armor Level 1  
  58  5:59  Sentry x2  
  58  6:01  Sentry  
  58  6:02  Probe  
  65  6:41  Stalker  
  65  6:42  Stalker  
  69  6:48  Pylon  
  53  8:41  Stalker  
  53  8:42  Stalker x2  
  53  8:43  Stalker  
  47  10:12  Stalker  
  47  10:13  Stalker x3  
  55  10:24  Probe  
  55  10:27  Pylon  
  56  10:37  Probe  
  57  10:49  Probe  
  58  11:01  Probe  
  59  11:08  Stalker  
  59  11:09  Sentry x2  
  59  11:10  Sentry  
Tags
 
Add a new tag
Caveats
  • Supply blocks, unpowered buildings, or Contaminate may cause inaccurate times.
  • Supply counts are checked every 10 seconds.